 Dungeon Crawl Stone Soup version 0.29.0-11-gd7f09526c8 (webtiles) character file.

Game seed: 1156119946640634724

38 gelatine the Gusty (level 3, 0/25 HPs)
             Began as a Demonspawn Wanderer on Sept 2, 2022.
             Was a Believer of Lugonu.
             Succumbed to an adder's poison
             ... on level 2 of the Dungeon.
             The game lasted 00:04:20 (1870 turns).

gelatine the Gusty (Demonspawn Wanderer)            Turns: 1870, Time: 00:04:21

Health: 0/25       AC:  5    Str: 11    XL:     3   Next: 25%
Magic:  3/5        EV: 10    Int: 16    God:    Lugonu [**....]
Gold:   87         SH:  0    Dex: 12    Spells: 4/5 levels left

rFire   . . .      SeeInvis .   k - +0 war axe
rCold   . . .      Faith    .   (no shield)
rNeg    . . .      Spirit   .   c - +0 ring mail
rPois   .          Reflect  .   (no helmet)
rElec   .          Harm     .   (no cloak)
rCorr   .          Rampage  .   (no gloves)
Will    .....                   (no boots)
Stlth   +.........              (no amulet)
HPRegen 0.08/turn               (no ring)
MPRegen 0.09/turn               (no ring)

@: lethally poisoned (0 -> -4), slowed, invisible, very slow
A: demonic magic 1
a: Renounce Religion, Depart the Abyss, Bend Space


You were on level 2 of the Dungeon.
You worshipped Lugonu.
Lugonu was pleased with you.
You visited 1 branch of the dungeon, and saw 2 of its levels.

You collected 87 gold pieces.

Inventory:

Hand Weapons
 a - a +0 dagger
 k - a +0 war axe (weapon)
Armour
 c - a +0 ring mail (worn)
Scrolls
 d - 2 scrolls of identify
 f - a scroll of torment {unknown}
 g - a scroll of fog {unknown}
 h - a scroll of poison {unknown}
 i - a scroll of immolation {unknown}
 j - a scroll of amnesia {unknown}


   Skills:
 * Level 0.4 Fighting
 * Level 2.9 Armour
 * Level 1.0 Dodging
 * Level 1.5 Spellcasting
 * Level 0.8 Conjurations
 + Level 1.0 Translocations
 * Level 4.0 Air Magic


You had 4 spell levels left.
You knew the following spells:

 Your Spells              Type           Power      Damage    Failure   Level
a - Shock                 Conj/Air       36%        1d5       19%         1

Your spell library contained the following spells:

 Spells                   Type           Power      Damage    Failure   Level
 Apportation              Tloc           8%         N/A       32%         1
 Poisonous Vapours        Pois/Air       14%        N/A       32%         2
 Teleport Other           Tloc           4%         N/A       69%         3
 Summon Lightning Spire   Summ/Air       7%         N/A       91%         4


Dungeon Overview and Level Annotations

Branches:
Dungeon (2/15)

Altars:
Lugonu

Annotations:
D:2 Natasha


Innate Abilities, Weirdness & Mutations

Spells you cast may paralyse adjacent enemies.


Message History

You hit the adder.
The adder is heavily wounded.
You closely miss the shadow imp. You barely miss the adder.
The adder closely misses you. The adder bites you but does no damage.
The shadow imp hits you but does no damage.
The adder bites you but does no damage. The adder closely misses you.
The shadow imp hits you. The adder bites you.
You are poisoned.
The adder poisons you! The adder bites you.
You fade into invisibility!
You feel sick. The adder barely misses you.
The shadow imp hits you but does no damage.
The adder closely misses you. The shadow imp misses you.
The adder barely misses you. The shadow imp hits you.
The adder barely misses you.
You feel sick. The shadow imp closely misses you.
The adder completely misses you. The shadow imp hits you.
* * * LOW HITPOINT WARNING * * *
You feel sick.
The shadow imp hits you but does no damage.
The adder closely misses you.
You feel sick.
You are no longer poisoned.
Natasha howls an incantation.
You feel disoriented. The adder bites you.
* * * LOW HITPOINT WARNING * * *
You are lethally poisoned!
The adder poisons you!
As you read the scroll labelled SEJAT JIAVVA, it crumbles to dust.
It is a scroll of identify.
e - a scroll of summoning
* * * LOW HITPOINT WARNING * * *
You feel sick.
The shadow imp disappears in a puff of smoke!
The adder closely misses you. x2; The adder bites you but does no damage.
The adder closely misses you.
As you read the scroll of summoning, it crumbles to dust.
Wisps of shadow whirl around you...
You die... ### ..# ##.# ! #[.. #. #.K# #.# .. #..# #.# ###[ #.@## #.# .... #SSK#

#.#### ####..#.5.#
##....# #.....h.5.#
#...#(#
#.###.#...###.#.#.####
..................>#
####.........†#.##.#
#..........#.#..#
#..#.#####......#


You could see Natasha, 2 adders, 2 shadow imps and 2 friendly kobolds.

Vanquished Creatures
  3 bats (D:1)
  2 giant cockroaches (D:1)
  3 goblins (D:1)
  4 hobgoblins (D:1)
  4 kobolds (D:1)
  5 quokkas
  4 ball pythons (D:1)
  5 frilled lizards
  6 rats (D:1)
36 creatures vanquished.

Notes
Turn   | Place    | Note
-------+----------+-------------------------------------------
     0 | D:1      | gelatine the Demonspawn Wanderer began the quest for the
                  | Orb.
     0 | D:1      | gelatine set off with the following items: a +0 dagger, a
                  | potion of invisibility, a +0 ring mail; and the following
                  | spells available to memorise: Shock, Apportation, Poisonous
                  | Vapours, Teleport Other, Summon Lightning Spire.
     0 | D:1      | Reached XP level 1. HP: 13/13 MP: 2/2
     2 | D:1      | Learned a level 1 spell: Shock
   216 | D:1      | Gained mutation: Spells you cast may paralyse adjacent
                  | enemies. [demonic ancestry]
   216 | D:1      | Reached XP level 2. HP: 19/19 MP: 0/3
   590 | D:1      | Reached skill level 4 in Air Magic
  1071 | D:1      | Found a faded altar of an unknown god.
  1075 | D:1      | Reached XP level 3. HP: 24/24 MP: 2/5
  1079 | D:1      | Prayed at the altar of an unknown god.
  1079 | D:1      | Became a worshipper of Lugonu the Unformed
  1079 | D:1      | Reached * piety under Lugonu
  1079 | D:1      | Reached ** piety under Lugonu
  1856 | D:2      | Noticed Natasha
  1869 | D:2      | HP: 1/25 [poisoned by an adder]
  1870 | D:2      | Succumbed to an adder's poison

Illustrated notes

Levels and vault maps discovered:
D:1:      ebering_trefoil_3fold, layout_basic,
          dreamdust_ecumenical_altar_angels_and_demons
D:2:      layout_basic, kennysheep_generic_room_15, uniq_sigmund, uniq_natasha

Skill      XL: |  1  2 |
---------------+-------+-----
Air Magic      | 4 |  4.0
Fighting       | |  0.4
Armour         | |  2.9
Dodging        | |  1.0
Spellcasting   | |  1.5
Conjurations   | |  0.8
Translocations | |  1.0

Action                   || total
-------------------------++-------
Melee: Dagger            ||    55
       War axe           ||     4
 Cast: Shock             ||    50
  Use: Scroll            ||     2
       Potion            ||     1
 Stab: Paralysed         ||     1
Armor: Ring mail         ||    33
Dodge: Dodged            ||    43
